[ AOE2 MATCH · #505492251 ]
UnrankedVikings vs Goths
Player's team · WIN
Rival team · LOSS
[ REPLAY ANALYSIS · EXTRACTED FROM THE RECORDED GAME ]
Feudal
10:06
Castle
21:07
Imperial
—
| APM avg | 87.6 |
| APM peak | 138 |
| eAPM avg | 58.5 |
| Villagers / military | 177 / 117 |
Focus
⚔️ 68.0% · 🌾 32.0%
Militia ×65 · Knight ×20 · Spearman ×10 · Skirmisher ×9 · Battering Ram ×8 · Archer ×4
Feudal
8:55
Castle
22:07
Imperial
—
| APM avg | 70.1 |
| APM peak | 107 |
| eAPM avg | 34.7 |
| Villagers / military | 144 / 83 |
Focus
⚔️ 48.0% · 🌾 52.0%
Knight ×30 · Spearman ×15 · Skirmisher ×13 · Archer ×6 · Militia ×5 · Monk ×4
Match map
Initial resources + every placement click. Lines = walls · curves = elevation contours. ◆ gold · ⬟ stone · ● berries · ✦ relic · ◌ wall gap
Your base· Open — opponent sealed themselves in
bruh's base· ✓ Closed at 22:07 · 49t walls · 1 gate(s)
Smoothed initial terrain · ◌ = detected wall gap · hover for details
Inputs per minute
— DS_Overtaken - - bruh
Build order — DS_Overtaken
First 150 of 476 actions detected
| 0:00 | Create | Villager (Male) |
| 0:00 | Create | Villager (Male) |
| 0:01 | Create | Villager (Male) |
| 0:02 | Build | House |
| 0:02 | Build | House |
| 0:11 | Create | Villager (Male) |
| 1:23 | Create | Villager (Male) |
| 1:44 | Build | Lumber Camp |
| 1:57 | Create | Villager (Male) |
| 2:28 | Create | Villager (Male) |
| 2:48 | Create | Villager (Male) |
| 2:53 | Create | Villager (Male) |
| 3:37 | Build | House |
| 3:40 | Create | Villager (Male) |
| 4:07 | Create | Villager (Male) |
| 4:23 | Create | Villager (Male) |
| 4:26 | Build | Barracks |
| 4:37 | Create | Villager (Male) |
| 4:55 | Build | House |
| 5:12 | Create | Villager (Male) |
| 5:19 | Create | Militia |
| 5:33 | Create | Villager (Male) |
| 5:40 | Create | Militia |
| 5:48 | Build | House |
| 6:07 | Create | Villager (Male) |
| 6:35 | Create | Villager (Male) |
| 6:38 | Build | Mining Camp |
| 7:01 | Create | Villager (Male) |
| 7:06 | Research | Loom |
| 7:06 | Research | Loom |
| 7:07 | Create | Villager (Male) |
| 7:49 | Research | Feudal Age |
| 7:49 | Research | Feudal Age |
| 8:19 | Build | Mill |
| 8:21 | Create | Militia |
| 8:33 | Create | Militia |
| 8:35 | Build | Palisade Wall |
| 8:36 | Build | Palisade Wall |
| 8:40 | Create | Villager (Male) |
| 8:42 | Build | House |
| 8:45 | Build | House |
| 9:01 | Build | Palisade Wall |
| 9:04 | Build | Palisade Wall |
| 9:10 | Build | Palisade Wall |
| 9:12 | Build | Palisade Wall |
| 9:14 | Build | Palisade Wall |
| 9:17 | Build | Palisade Wall |
| 9:18 | Build | House |
| 9:43 | Create | Villager (Male) |
| 9:54 | Build | Farm |
| 9:55 | Build | Farm |
| 10:06 | Create | Villager (Male) |
| 10:06 | Age | Feudal Age |
| 10:10 | Research | Man-at-Arms (upgrade) |
| 10:17 | Create | Villager (Male) |
| 10:34 | Build | Archery Range |
| 10:50 | Build | Farm |
| 10:53 | Create | Villager (Male) |
| 10:55 | Build | House |
| 11:05 | Build | House |
| 11:16 | Create | Villager (Male) |
| 11:36 | Create | Villager (Male) |
| 11:40 | Create | Archer |
| 11:42 | Build | Farm |
| 11:44 | Build | Farm |
| 11:50 | Create | Villager (Male) |
| 11:51 | Build | House |
| 11:52 | Build | House |
| 12:01 | Create | Skirmisher |
| 12:12 | Build | Farm |
| 12:17 | Create | Archer |
| 12:23 | Create | Villager (Male) |
| 12:31 | Create | Villager (Male) |
| 12:58 | Create | Archer |
| 13:00 | Build | Farm |
| 13:01 | Build | Farm |
| 13:13 | Research | Double-Bit Axe |
| 13:14 | Research | Double-Bit Axe |
| 13:14 | Create | Villager (Male) |
| 13:17 | Create | Skirmisher |
| 13:38 | Create | Skirmisher |
| 13:48 | Create | Villager (Male) |
| 14:00 | Build | Blacksmith |
| 14:06 | Create | Archer |
| 14:12 | Create | Villager (Male) |
| 14:13 | Build | Farm |
| 14:28 | Build | Farm |
| 14:35 | Create | Villager (Male) |
| 14:39 | Build | House |
| 14:40 | Build | House |
| 14:41 | Research | Fletching |
| 14:44 | Create | Skirmisher |
| 14:52 | Build | House |
| 14:58 | Create | Villager (Male) |
| 15:06 | Build | Farm |
| 15:07 | Create | Villager (Male) |
| 15:10 | Create | Skirmisher |
| 15:28 | Create | Villager (Male) |
| 15:46 | Create | Villager (Male) |
| 15:54 | Build | Farm |
| 15:57 | Create | Skirmisher |
| 16:06 | Create | Villager (Male) |
| 16:06 | Create | Skirmisher |
| 16:14 | Build | House |
| 16:15 | Build | Farm |
| 16:19 | Create | Villager (Male) |
| 16:20 | Build | Farm |
| 16:21 | Build | Farm |
| 16:22 | Build | Farm |
| 16:38 | Create | Villager (Male) |
| 16:50 | Create | Villager (Male) |
| 16:53 | Build | Palisade Wall |
| 16:56 | Research | Horse Collar |
| 17:05 | Create | Villager (Male) |
| 17:08 | Build | Farm |
| 17:22 | Build | House |
| 17:30 | Create | Villager (Male) |
| 17:58 | Create | Villager (Male) |
| 18:11 | Build | Farm |
| 18:11 | Build | Farm |
| 18:12 | Research | Castle Age |
| 18:21 | Build | House |
| 18:32 | Create | Skirmisher |
| 18:46 | Create | Villager (Male) |
| 18:47 | Build | House |
| 19:12 | Create | Skirmisher |
| 19:15 | Build | Farm |
| 19:15 | Build | Farm |
| 19:21 | Build | Palisade Wall |
| 19:36 | Research | Gold Mining |
| 19:37 | Research | Scale Barding Armor |
| 19:54 | Build | Farm |
| 19:54 | Build | Farm |
| 19:58 | Build | Stable |
| 20:13 | Build | Stable |
| 20:26 | Build | Farm |
| 21:01 | Research | Forging |
| 21:07 | Age | Castle Age |
| 21:07 | Create | Knight |
| 21:08 | Create | Knight |
| 21:09 | Create | Villager (Male) |
| 21:15 | Build | Town Center |
| 21:29 | Create | Knight |
| 21:29 | Create | Knight |
| 21:44 | Create | Villager (Male) |
| 21:48 | Build | Palisade Wall |
| 21:50 | Create | Villager (Male) |
| 21:53 | Build | House |
| 21:56 | Build | Palisade Gate |
| 22:00 | Create | Knight |
Build order — bruh
First 150 of 373 actions detected
| 0:00 | Create | Villager (Male) |
| 0:00 | Create | Villager (Male) |
| 0:01 | Create | Villager (Male) |
| 0:02 | Build | House |
| 0:04 | Build | House |
| 0:18 | Research | Loom |
| 0:18 | Create | Villager (Male) |
| 1:37 | Create | Villager (Male) |
| 1:38 | Create | Villager (Male) |
| 1:38 | Create | Villager (Male) |
| 1:53 | Build | Lumber Camp |
| 2:00 | Create | Villager (Male) |
| 2:00 | Create | Villager (Male) |
| 2:00 | Create | Villager (Male) |
| 2:19 | Create | Villager (Male) |
| 2:19 | Create | Villager (Male) |
| 2:20 | Create | Villager (Male) |
| 2:37 | Build | House |
| 2:49 | Create | Villager (Male) |
| 2:49 | Create | Villager (Male) |
| 3:10 | Create | Villager (Male) |
| 3:10 | Create | Villager (Male) |
| 3:40 | Create | Villager (Male) |
| 3:40 | Create | Villager (Male) |
| 3:45 | Create | Villager (Male) |
| 3:46 | Create | Villager (Male) |
| 3:46 | Create | Villager (Male) |
| 4:13 | Create | Villager (Male) |
| 4:55 | Create | Villager (Male) |
| 4:56 | Create | Villager (Male) |
| 4:56 | Create | Villager (Male) |
| 4:56 | Create | Villager (Male) |
| 5:21 | Build | Barracks |
| 5:26 | Create | Villager (Male) |
| 5:55 | Build | House |
| 6:45 | Research | Feudal Age |
| 6:45 | Research | Feudal Age |
| 6:55 | Create | Militia |
| 6:55 | Create | Militia |
| 7:01 | Build | House |
| 7:01 | Build | Palisade Wall |
| 7:02 | Build | Palisade Wall |
| 7:17 | Create | Militia |
| 7:18 | Create | Militia |
| 7:35 | Build | Mining Camp |
| 7:50 | Build | House |
| 7:55 | Create | Militia |
| 8:00 | Build | Palisade Wall |
| 8:05 | Build | Palisade Wall |
| 8:14 | Create | Villager (Male) |
| 8:24 | Build | House |
| 8:41 | Build | Palisade Wall |
| 8:45 | Build | Mill |
| 8:55 | Age | Feudal Age |
| 8:59 | Build | Archery Range |
| 9:00 | Create | Villager (Male) |
| 9:03 | Research | Man-at-Arms (upgrade) |
| 9:31 | Create | Villager (Male) |
| 9:50 | Build | Palisade Wall |
| 9:52 | Create | Archer |
| 9:59 | Research | Double-Bit Axe |
| 10:00 | Create | Villager (Male) |
| 10:07 | Build | Mill |
| 10:34 | Create | Villager (Male) |
| 10:49 | Create | Archer |
| 10:58 | Create | Villager (Male) |
| 11:04 | Build | Palisade Wall |
| 11:05 | Build | Palisade Wall |
| 11:17 | Create | Villager (Male) |
| 11:22 | Build | Farm |
| 11:27 | Create | Spearman |
| 11:35 | Build | Farm |
| 11:41 | Create | Archer |
| 11:45 | Create | Villager (Male) |
| 11:53 | Create | Villager (Male) |
| 12:06 | Build | Farm |
| 12:08 | Build | Farm |
| 12:16 | Build | Palisade Wall |
| 12:17 | Build | Palisade Wall |
| 12:25 | Build | House |
| 12:36 | Create | Villager (Male) |
| 12:45 | Create | Villager (Male) |
| 12:47 | Create | Archer |
| 12:52 | Build | Farm |
| 12:54 | Build | Farm |
| 13:26 | Create | Archer |
| 13:38 | Build | Blacksmith |
| 13:42 | Build | Farm |
| 13:46 | Build | House |
| 13:49 | Build | Farm |
| 13:54 | Create | Villager (Male) |
| 13:56 | Create | Skirmisher |
| 14:06 | Build | House |
| 14:11 | Create | Skirmisher |
| 14:15 | Create | Villager (Male) |
| 14:17 | Build | House |
| 14:18 | Build | Palisade Wall |
| 14:21 | Build | Palisade Wall |
| 14:22 | Build | Palisade Wall |
| 14:29 | Research | Fletching |
| 14:39 | Create | Skirmisher |
| 14:40 | Create | Villager (Male) |
| 14:53 | Create | Villager (Male) |
| 14:57 | Build | Farm |
| 14:58 | Build | Farm |
| 15:17 | Build | Palisade Wall |
| 15:20 | Build | House |
| 15:22 | Build | House |
| 15:31 | Create | Villager (Male) |
| 15:34 | Create | Skirmisher |
| 15:55 | Create | Villager (Male) |
| 16:11 | Create | Villager (Male) |
| 16:18 | Create | Archer |
| 16:20 | Build | Farm |
| 16:21 | Build | Farm |
| 16:35 | Create | Skirmisher |
| 16:45 | Build | House |
| 16:46 | Build | Palisade Wall |
| 16:50 | Create | Villager (Male) |
| 17:05 | Build | Farm |
| 17:07 | Build | Farm |
| 17:07 | Create | Villager (Male) |
| 17:19 | Create | Skirmisher |
| 17:23 | Build | Palisade Wall |
| 17:25 | Build | House |
| 17:31 | Build | House |
| 17:37 | Build | House |
| 17:38 | Create | Skirmisher |
| 17:41 | Create | Villager (Male) |
| 17:51 | Create | Villager (Male) |
| 17:52 | Create | Skirmisher |
| 17:55 | Build | Farm |
| 18:16 | Create | Villager (Male) |
| 18:22 | Build | Farm |
| 18:35 | Create | Skirmisher |
| 18:51 | Create | Villager (Male) |
| 18:52 | Build | Farm |
| 19:27 | Research | Castle Age |
| 19:37 | Create | Spearman |
| 19:52 | Create | Skirmisher |
| 19:57 | Build | Farm |
| 19:58 | Research | Horse Collar |
| 20:09 | Build | Stable |
| 20:38 | Create | Skirmisher |
| 20:39 | Create | Skirmisher |
| 20:45 | Build | Farm |
| 20:46 | Build | Farm |
| 21:04 | Create | Skirmisher |
| 21:12 | Create | Spearman |
| 21:13 | Create | Spearman |
Match timeline
| 4:26 | DS_Overtaken · first_building Barracks |
| 5:21 | bruh · first_building Barracks |
| 7:01 | bruh · wall_segment Palisade Wall x1 |
| 7:02 | bruh · wall_segment Palisade Wall x1 |
| 8:00 | bruh · wall_segment Palisade Wall x1 |
| 8:05 | bruh · wall_segment Palisade Wall x1 |
| 8:35 | DS_Overtaken · wall_segment Palisade Wall x1 |
| 8:36 | DS_Overtaken · wall_segment Palisade Wall x1 |
| 8:41 | bruh · wall_segment Palisade Wall x1 |
| 8:55 | bruh · age_up feudal |
| 8:59 | bruh · first_building Archery Range |
| 9:01 | DS_Overtaken · wall_segment Palisade Wall x1 |
| 9:04 | DS_Overtaken · wall_segment Palisade Wall x1 |
| 9:10 | DS_Overtaken · wall_segment Palisade Wall x1 |
| 9:12 | DS_Overtaken · wall_segment Palisade Wall x1 |
| 9:14 | DS_Overtaken · wall_segment Palisade Wall x1 |
| 9:17 | DS_Overtaken · wall_segment Palisade Wall x1 |
| 9:50 | bruh · wall_segment Palisade Wall x1 |
| 10:06 | DS_Overtaken · age_up feudal |
| 10:34 | DS_Overtaken · first_building Archery Range |
| 11:04 | bruh · wall_segment Palisade Wall x1 |
| 11:05 | bruh · wall_segment Palisade Wall x1 |
| 12:16 | bruh · wall_segment Palisade Wall x1 |
| 12:17 | bruh · wall_segment Palisade Wall x1 |
| 14:18 | bruh · wall_segment Palisade Wall x6 |
| 14:21 | bruh · wall_segment Palisade Wall x1 |
| 14:22 | bruh · wall_segment Palisade Wall x7 |
| 15:17 | bruh · wall_segment Palisade Wall x1 |
| 16:46 | bruh · wall_segment Palisade Wall x18 |
| 16:53 | DS_Overtaken · wall_segment Palisade Wall x12 |
| 17:23 | bruh · wall_segment Palisade Wall x6 |
| 19:21 | DS_Overtaken · wall_segment Palisade Wall x1 |
| 19:58 | DS_Overtaken · first_building Stable |
| 20:09 | bruh · first_building Stable |
| 21:07 | DS_Overtaken · age_up castle |
| 21:48 | DS_Overtaken · wall_segment Palisade Wall x7 |
| 21:54 | bruh · wall_segment Palisade Wall x2 |
| 21:59 | bruh · wall_segment Palisade Wall x2 |
| 22:07 | bruh · age_up castle |
| 22:32 | DS_Overtaken · first_building Monastery |
| 23:00 | DS_Overtaken · wall_segment Palisade Wall x6 |
| 23:15 | bruh · wall_segment Palisade Wall x1 |
| 23:26 | bruh · wall_segment Palisade Wall x1 |
| 23:47 | bruh · wall_segment Palisade Wall x2 |
| 23:49 | bruh · wall_segment Palisade Wall x1 |
| 23:50 | bruh · wall_segment Palisade Wall x1 |
| 23:52 | bruh · wall_segment Palisade Wall x1 |
| 24:50 | bruh · wall_segment Palisade Wall x1 |
| 25:04 | DS_Overtaken · wall_segment Palisade Wall x1 |
| 25:07 | DS_Overtaken · wall_segment Palisade Wall x1 |
| 25:38 | bruh · wall_segment Palisade Wall x2 |
| 26:11 | DS_Overtaken · wall_segment Palisade Wall x1 |
| 26:21 | DS_Overtaken · wall_segment Palisade Wall x1 |
| 26:47 | bruh · first_building Monastery |
| 27:36 | DS_Overtaken · wall_segment Palisade Wall x1 |
| 28:15 | bruh · first_building Siege Workshop |
| 28:42 | DS_Overtaken · wall_segment Palisade Wall x7 |
| 30:51 | bruh · wall_segment Palisade Wall x1 |
| 32:20 | bruh · first_market_sell 500 wood |
| 33:00 | bruh · first_market_buy 100 stone |
| 33:14 | bruh · first_building Castle |
| 33:23 | bruh · wall_segment Palisade Wall x1 |
| 33:30 | bruh · wall_segment Palisade Wall x1 |
| 33:33 | bruh · wall_segment Palisade Wall x1 |
| 33:39 | DS_Overtaken · first_building Siege Workshop |
| 35:39 | DS_Overtaken · first_building Castle |
| 37:42 | bruh · resign |
[ AI ANALYSIS · 1 CREDIT ]
What really happened in this match?
Wolo.gg analyzes every decision: build order, eco, micro, common mistakes by bracket. Personalized analysis on WhatsApp or Discord in 30 seconds.
Civ guide
Vikings
Perfil
Overtaken